 Dungeon Crawl Stone Soup version 0.21.1-1-g345015f (webtiles) character file.

46 gerrrit the Chiller (level 3, -16/24 HPs)
             Began as a Vampire Ice Elementalist on Apr 2, 2018.
             Demolished by an ogre
             ... wielding a +0 giant spiked club
              (18 damage)
             ... on level 2 of the Dungeon.
             The game lasted 00:12:07 (2876 turns).

gerrrit the Chiller (Vampire Ice Elementalist)      Turns: 2876, Time: 00:12:08

Health: -16/24     AC:  2    Str:  7    XL:     3   Next: 44%
Magic:  1/6        EV: 13    Int: 18    God:
Gold:   42         SH:  0    Dex: 14    Spells: 3/6 levels left

rFire    . . .     SeeInvis +   g - +0 dagger
rCold    + . .     Gourm    .   (no shield)
rNeg     + + .     Faith    .   a - +0 robe
rPois    +         Spirit   .   (no helmet)
rElec    .         Reflect  .   (no cloak)
rCorr    .         Harm     .   (no gloves)
MR       .....                  (no boots)
Stlth    +++.......             (no amulet)
HPRegen  0.04/turn              (no ring)
MPRegen  0.10/turn              (no ring)

@: regenerating slowly
A: fangs 3, see invisible, unbreathing
a: Bat Form


You were on level 2 of the Dungeon.
You were very thirsty.

You visited 1 branch of the dungeon, and saw 2 of its levels.

You collected 42 gold pieces.

Inventory:

Hand Weapons
 e - a +0 club
 g - a +0 dagger (weapon)
 h - a +2 short sword of speed
Missiles
 f - 80 stones (quivered)
Armour
 a - a +0 robe (worn)
 d - a +0 robe
Jewellery
 c - an uncursed ring of fire {unknown}
Scrolls
 i - a scroll of noise {unknown}
 j - a scroll of identify {unknown}
 k - a scroll of random uselessness {unknown}
Books
 b - a book of Frost

   Spells                             Type                      Level
   a - Freeze                         Ice                          1
   b - Throw Frost                    Conjuration/Ice              2
   c - Ozocubu's Armour               Charms/Ice                   3
   d - Throw Icicle                   Conjuration/Ice              4
   e - Summon Ice Beast               Ice/Summoning                4
 l - a book of Changes

   Spells                             Type                      Level
   a - Beastly Appendage              Transmutation                1
   b - Sticks to Snakes               Transmutation                2
   c - Spider Form                    Transmutation/Poison         3
   d - Ice Form                       Ice/Transmutation            4
   e - Blade Hands                    Transmutation                5


   Skills:
 + Level 0.1 Fighting
 + Level 0.6 Short Blades
 + Level 0.1 Maces & Flails
 + Level 2.5 Dodging
 + Level 3.1 Stealth
 + Level 2.4 Spellcasting
 + Level 0.6 Conjurations
 + Level 3.8 Ice Magic


You had 3 spell levels left.
You knew the following spells:

 Your Spells              Type           Power        Failure   Level  Hunger
a - Freeze                Ice            ###.         3%          1    #......
b - Throw Frost           Conj/Ice       ##....       11%         2    ##.....


Dungeon Overview and Level Annotations

Branches:
Dungeon (2/15)

Altars:


Innate Abilities, Weirdness & Mutations

You heal slowly.
You have razor-sharp teeth.
You have supernaturally acute eyesight. (SInv)
You can survive without breathing.


Message History

The ogre is heavily wounded.
The ogre barely misses you.
You barely miss the ogre.
The ogre is heavily wounded.
You hit the ogre but do no damage.
The ogre is heavily wounded.
The ogre closely misses you.
You barely miss the ogre.
The ogre is heavily wounded.
The ogre misses you.
You hit the ogre.
The ogre is severely wounded.
You hit the ogre but do no damage.
The ogre is severely wounded.
The ogre barely misses you.
You closely miss the ogre.
The ogre is severely wounded.
The ogre hits you with a giant spiked club!!
Ouch! That really hurt!
You die...

#.. .... #.# #..#
#.# #..#
#.###..###.#
#.#........# #
#)#.#..## ..
#.#.#.#.## # #.###
#.#..###.#####...>
. ..# #...##
##.@Ow..... #.#.#
####.###.####.....
#.#.#######.#.####
...
.................+
.
..#.#######...####
.##.# #...## .##.#
#.### .##.# #.
....# #.


You could see an ogre and a worm.

Vanquished Creatures
  An adder (D:2)
  An ooze (D:2)
  3 dart slugs
  2 leopard geckos
  A bat (D:1)
  A giant cockroach (D:1)
  A goblin (D:1)
  3 hobgoblins
  5 frilled lizards
  5 kobolds
  3 rats
26 creatures vanquished.

Notes
Turn   | Place    | Note
-------+----------+-------------------------------------------
     0 | D:1      | gerrrit the Vampire Ice Elementalist began the quest for the Orb.
     0 | D:1      | Reached XP level 1. HP: 13/13 MP: 3/3
   506 | D:1      | Reached XP level 2. HP: 16/19 MP: 3/5
  2151 | D:2      | Reached XP level 3. HP: 13/24 MP: 4/6
  2861 | D:2      | Learned a level 2 spell: Throw Frost
  2861 | D:2      | Noticed an ogre
  2876 | D:2      | Demolished by an ogre

Action                   || total
-------------------------++-------
Melee: Dagger            ||    74
       Club              ||     9
       Bite              ||     4
Throw: Stone             ||     1
 Cast: Freeze            ||    29
       Throw Frost       ||     3
  Use: Scroll            ||     1
  Eat: Corpse            ||     4
Armor: Robe              ||    12
Dodge: Dodged            ||    59
